[Event "Early-Titled-Tuesday-Blitz-January-23-2024"]
[Site "Chess.com"]
[Date "2024.01.23"]
[Round "1"]
[White "BashirliSaadat"]
[Black "Alexei_Kornev"]
[Result "0-1"]
[WhiteElo "2405"]
[BlackElo "2716"]
[TimeControl "180+1"]
[EndTime "8:06:34 PST"]
[Termination "Alexei_Kornev won by resignation"]

1. e4 c5 2. Nf3 d6 3. Bb5+ Bd7 4. Bxd7+ Nxd7 5. O-O Ngf6 6. Re1 Rc8 7. d3 g6 8. c3 Bg7 9. d4 O-O 10. Bg5 h6 11.
Bf4 Qb6 12. Qd2 Kh7 13. Na3 cxd4 14. cxd4 e6 15. h3 d5 16. e5 Ne4 17. Qe2 Rc6 18.
Rac1 Rfc8 19. Rxc6 Rxc6 20. Rc1 Nb8 21. Qb5 Rxc1+ 22. Bxc1 Qc7 23. Be3 Nc6 24. Kh2 a6 25.
Qd3 f6 26. Bf4 fxe5 27. dxe5 Nxe5 28. Qe3 Nxf3+ 29. Qxf3 Qf7 30. Qe3 Bxb2 31. Nc2 Bg7 32. f3 Nc3 33. Ne1 d4 34. Qd2 e5 35. Bg3 Qxa2 36. Qd3 b5 37. Nc2 Qc4 38. Qe4 Nxe4 0-1

[Event "Early-Titled-Tuesday-Blitz-January-23-2024"]
[Site "Chess.com"]
[Date "2024.01.23"]
[Round "1"]
[White "margarita_2703"]
[Black "CristianS27"]
[Result "1/2-1/2"]
[WhiteElo "2286"]
[BlackElo "2605"]
[TimeControl "180+1"]
[EndTime "8:06:35 PST"]
[Termination "Game drawn by repetition"]

1. e4 e5 2. Nf3 Nc6 3. Bc4 Nf6 4. O-O Nxe4 5. Nc3 Nxc3 6. dxc3 Be7 7. Qd5 O-O 8. Nxe5 Nxe5 9. Qxe5 c6 10. Bd3 d5 11.
Re1 Bf6 12. Qe2 Qd6 13. Qh5 g6 14. Qf3 Bg7 15. Bf4 Qf6 16. Qg3 Qd8 17. Be5 Bxe5 18. Qxe5 Bd7 19. Qd6 Be6 20. Qg3 Qf6 21. h4 Bf5 22. h5 Rfe8 23. hxg6 hxg6 24. Qf4 Kg7 25. Bxf5 Qxf5 26. Qxf5 gxf5 27. g3 Kf6 28. Kg2 Re4 29.
f3 Re6 30. Kf2 Rae8 31. a4 a5 32. Rad1 f4 33. gxf4 Rxe1 34. Rxe1 Rxe1 35. Kxe1 Kf5 36. Ke2 Kxf4 37. Kf2 b5 38. axb5 cxb5 39. Ke2 a4 40.
Kf2 f6 41. Ke2 Ke5 42. Ke3 Kf5 43. Ke2 Ke5 44. Ke3 Kf5 45. Ke2 Kf4 46. Kf2 Ke5 47. Ke3 1/2-1/2

[Event "Early-Titled-Tuesday-Blitz-January-23-2024"]
[Site "Chess.com"]
[Date "2024.01.23"]
[Round "1"]
[White "DeArron_Fox"]
[Black "francyIM"]
[Result "1-0"]
[WhiteElo "2469"]
[BlackElo "2818"]
[TimeControl "180+1"]
[EndTime "8:06:38 PST"]
[Termination "DeArron_Fox won by resignation"]

1. d4 Nf6 2. c4 e6 3. Nf3 d5 4. Nc3 dxc4 5. e3 a6 6. Bxc4 b5 7. Bb3 c5 8. O-O Bb7 9. e4 cxd4 10. Nxd4 Bc5 11. Be3 Qb6 12. a4 Nxe4 13. Nxe4 Bxe4 14.
a5 Qa7 15. Nxe6 fxe6 16. Qh5+ g6 17. Qe5 Bxe3 18. Qxh8+ Kf7 19. Qxh7+ Ke8 20. Qg8+ Kd7 21. Qxe6+ Kc7 22. Qxe4 Bc5 23. Rac1 Nc6 24. Bd5 Rd8 25.
Bxc6 Rd4 26. Qf3 g5 27. Be4 Rd7 28. Qg3+ Kd8 29. Qxg5+ Kc7 30. Qxc5+ 1-0

[Event "Early-Titled-Tuesday-Blitz-January-23-2024"]
[Site "Chess.com"]
[Date "2024.01.23"]
[Round "1"]
[White "I_am_Javi"]
[Black "Eloist"]
[Result "1-0"]
[WhiteElo "2781"]
[BlackElo "2436"]
[TimeControl "180+1"]
[EndTime "8:06:38 PST"]
[Termination "I_am_Javi won by resignation"]

1. e4 e6 2. Nf3 d5 3. Nc3 Nf6 4. e5 Nfd7 5. d4 c5 6. Ne2 cxd4 7. Nexd4 Nc6 8. Nxc6 bxc6 9. Bd3 Ba6 10. O-O Bxd3 11. cxd3 c5 12. Re1 Be7 13. g3 O-O 14. h4 Rb8 15. b3 f6 16. Bf4 fxe5 17. Nxe5 Nxe5 18. Bxe5 Bd6 19. Qg4 Bxe5 20. Qxe6+ Kh8 21. Rxe5 Rf6 22. Qxd5 Rd6 23. Qxc5 Rxd3 24. Rae1 Rd1 25. Qxa7 Rxe1+ 26. Rxe1 h6 27. Qe7 Qd2 28. Re2 Qd1+ 29. Kg2 Qd5+ 30.
Qe4 Qd7 31. Qf3 Rc8 32. Re4 Qd2 33. Rf4 Kg8 34. a4 Qb2 35. a5 Qa3 36. Ra4 Qd6 37. a6 Rf8 38. Rf4 Rxf4 39. Qxf4 Qc6+ 40. Kh2 Kh8 41. a7 1-0

[Event "Early-Titled-Tuesday-Blitz-January-23-2024"]
[Site "Chess.com"]
[Date "2024.01.23"]
[Round "1"]
[White "01Roman"]
[Black "kleinebeer98"]
[Result "0-1"]
[WhiteElo "2467"]
[BlackElo "2849"]
[TimeControl "180+1"]
[EndTime "8:06:40 PST"]
[Termination "kleinebeer98 won by resignation"]

1. Nf3 Nf6 2. c4 Nc6 3. d4 e6 4. a3 d5 5. g3 dxc4 6. Bg2 Be7 7.
O-O O-O 8. Bg5 Rb8 9. e3 b5 10. a4 a6 11. axb5 axb5 12. b3 cxb3 13. Qxb3 Bd7 14.
Nc3 b4 15. Na4 Na5 16. Qb1 Nd5 17. Bxe7 Qxe7 18. Nc5 Nc4 19. Rc1 Nc3 20. Qd3 Bb5 21.
Rxc3 bxc3 22. Qxc3 h6 23. h4 c6 24. Ne5 Nxe5 25. dxe5 Rfd8 26. Ne4 Rd3 27. Qc1 Qb4 28. Nd6 c5 29. Rb1 Rb3 30. Rxb3 Qxb3 31. Qxc5 Bd3 32. Qc7 Bg6 33. Bb7 Rf8 34. g4 Qd1+ 35. Kh2 Qxg4 0-1

[Event "Early-Titled-Tuesday-Blitz-January-23-2024"]
[Site "Chess.com"]
[Date "2024.01.23"]
[Round "1"]
[White "Flaccidmoves"]
[Black "scarabee43"]
[Result "0-1"]
[WhiteElo "2450"]
[BlackElo "2820"]
[TimeControl "180+1"]
[EndTime "8:06:40 PST"]
[Termination "scarabee43 won by checkmate"]

1. c4 Nf6 2. Nc3 e6 3. e4 Nc6 4. Nf3 d6 5. d4 Be7 6. Bd3 O-O 7. h3 e5 8. d5 Nb4 9. Be2 c5 10. a3 Na6 11. O-O Ne8 12. Rb1 g6 13. b4 b6 14. Bh6 Ng7 15. Qd2 Nc7 16. bxc5 bxc5 17. Ne1 Nce8 18. Nd3 f5 19. f4 fxe4 20. Nxe4 Bf5 21.
Ng5 e4 22. Nb2 e3 23. Qxe3 Bxb1 24. Rxb1 Rb8 25. Bd3 Bxg5 26. Bxg5 Qd7 27. g4 Nc7 28. Nd1 Rxb1 29. Bxb1 Re8 30. Qf2 Qa4 31. Bc2 Qxc4 32. f5 gxf5 33. gxf5 Re2 34. Ne3 Rxf2 35. Nxc4 Rxc2 36.
Nxd6 Nxd5 37. f6 Ne6 38. f7+ Kf8 39. Bh6+ Ke7 40. f8=Q+ Nxf8 41. Nf5+ Kf7 42. Nd6+ Kg8 43. Nf5 Ng6 44. h4 Ne5 45. h5 Nf3+ 46. Kf1 Nd4 47.
Nd6 c4 48. Ke1 c3 49. Kd1 Rg2 50. Kc1 Rg1# 0-1

[Event "Early-Titled-Tuesday-Blitz-January-23-2024"]
[Site "Chess.com"]
[Date "2024.01.23"]
[Round "1"]
[White "Predo63"]
[Black "ilqar_74"]
[Result "0-1"]
[WhiteElo "2492"]
[BlackElo "2902"]
[TimeControl "180+1"]
[EndTime "8:06:41 PST"]
[Termination "ilqar_74 won by resignation"]

1. d4 Nf6 2. Bg5 d5 3. Bxf6 exf6 4. e3 Bd6 5. Nd2 O-O 6. g3 Be6 7. Bg2 c6 8. Ne2 Nd7 9. Rc1 Re8 10. O-O Rc8 11.
c4 dxc4 12. Nxc4 Bc7 13. a3 Nb6 14. Na5 Rb8 15. b4 Nd5 16. Nc3 Nxc3 17. Rxc3 Bxa5 18. bxa5 Qxa5 19. Qc2 g6 20. Ra1 Rbd8 21. Rc5 Qc7 22.
a4 Qd7 23. a5 Bf5 24. Qb3 Be4 25. Bxe4 Rxe4 26. Rb1 Re7 27. Qc4 a6 28. Qb4 Kg7 29. h4 h5 30. Kg2 Rde8 31. Rb3 Qg4 32. Qc4 Qe4+ 33. Kg1 Qg4 34. Kg2 Qd7 35. Qb4 f5 36. Rc2 Qd5+ 37. Kg1 f4 38. gxf4 Qf3 39. Rc5 Qg4+ 40.
Kf1 Qxh4 41. Rg5 Qh1+ 42. Ke2 h4 43. Rb1 Qh2 44. Kf1 h3 45. Rg3 Rxe3 46. Rxe3 Rxe3 47.
fxe3 Qg2+ 48. Ke1 h2 49. Kd1 h1=Q+ 50. Qe1 Qxe1+ 51. Kxe1 Qh1+ 0-1

[Event "Early-Titled-Tuesday-Blitz-January-23-2024"]
[Site "Chess.com"]
[Date "2024.01.23"]
[Round "1"]
[White "Paladin61"]
[Black "jup1978"]
[Result "1-0"]
[WhiteElo "2725"]
[BlackElo "2414"]
[TimeControl "180+1"]
[EndTime "8:06:41 PST"]
[Termination "Paladin61 won by resignation"]

1. e4 c6 2. d4 d5 3. exd5 cxd5 4. Bd3 Nf6 5. c3 Nc6 6. h3 e5 7. dxe5 Nxe5 8. Nf3 Nxd3+ 9. Qxd3 Bd6 10. O-O O-O 11. Bg5 Bc7 12. Nbd2 h6 13. Bh4 Re8 14. Rfe1 Be6 15.
Nd4 Qd6 16. Bg3 Qd7 17. Bxc7 Qxc7 18. Re3 Bd7 19. Rae1 Rxe3 20. Rxe3 Re8 21. Qe2 Qd8 22. Rxe8+ Qxe8 23. Qxe8+ Nxe8 24. Kf1 Kf8 25. Ke2 Ke7 26. Ke3 Nd6 27. b3 f6 28. g4 g5 29. f3 a5 30. Nf1 Be8 31. f4 Bd7 32. Ng3 Kf7 33. f5 Ke7 34. Nc2 Nf7 35. Kd4 Kd6 36. Nh5 Ke7 37. Ne3 Bc6 38. Nxd5+ Bxd5 39. Kxd5 Ne5 40.
Ng3 Nf3 41. Ne4 Ng1 42. Nf2 Ne2 43. Kc4 Nf4 44. Kb5 Nd5 45. Ne4 Nf4 46. Kxa5 Nxh3 47. Kb6 Nf4 48. Kxb7 Nd3 49. a4 Ne5 50. a5 Nxg4 51.
a6 1-0

[Event "Early-Titled-Tuesday-Blitz-January-23-2024"]
[Site "Chess.com"]
[Date "2024.01.23"]
[Round "1"]
[White "N4700000"]
[Black "Grieve72"]
[Result "0-1"]
[WhiteElo "2417"]
[BlackElo "2735"]
[TimeControl "180+1"]
[EndTime "8:06:42 PST"]
[Termination "Grieve72 won by resignation"]

1. e4 a6 2. d4 e6 3. Nf3 d5 4.
Nc3 Nf6 5. e5 Nfd7 6. Ne2 c5 7.
c3 Nc6 8. g3 b5 9. h4 b4 10.
Bh3 a5 11. O-O Ba6 12. Ng5 bxc3 13. bxc3 cxd4 14. cxd4 Bxe2 15. Qxe2 Nxd4 16. Qd1 Nc6 17. Bxe6 fxe6 18. Nxe6 Qc8 19. Qxd5 Nb6 20. Qb3 a4 21. Qxb6 Qxe6 22. Bg5 Ba3 23. Qe3 Be7 24. Rac1 Bxg5 25.
Qxg5 O-O 26. Rfe1 Nd4 27. Re3 Nf3+ 28. Rxf3 Rxf3 29. Qd2 Raf8 0-1

[Event "Early-Titled-Tuesday-Blitz-January-23-2024"]
[Site "Chess.com"]
[Date "2024.01.23"]
[Round "1"]
[White "Crazy_girl99"]
[Black "Pastore1978"]
[Result "1-0"]
[WhiteElo "2625"]
[BlackElo "2291"]
[TimeControl "180+1"]
[EndTime "8:06:42 PST"]
[Termination "Crazy_girl99 won by resignation"]

1. e4 e5 2. Nf3 Nc6 3. Bb5 a6 4.
Ba4 Nf6 5. O-O Be7 6. Re1 d6 7. c3 O-O 8. h3 Bd7 9. d4 Re8 10. Nbd2 b5 11. Bc2 Bf8 12. a4 Rb8 13. axb5 axb5 14.
Nf1 g6 15. Bg5 Bg7 16. d5 Ne7 17. b4 c6 18. dxc6 Bxc6 19. Ra6 Qc8 20. Ra7 d5 21. Nxe5 dxe4 22. Ng3 Ned5 23. Nxc6 Qxc6 24. Bb3 Rb7 25. Rxb7 Qxb7 26. Nxe4 Nxe4 27. Bxd5 Qd7 28. Bxe4 Qxd1 29. Rxd1 Bxc3 30. Bc6 Re1+ 31. Rxe1 Bxe1 32. Be7 f5 33. Bxb5 Kf7 34. Bc5 Ke6 35. Bc4+ Kd7 36. b5 Kc7 37. Bd5 Ba5 38. f4 h5 39. Kf2 h4 40.
Bf7 1-0

[Event "Early-Titled-Tuesday-Blitz-January-23-2024"]
[Site "Chess.com"]
[Date "2024.01.23"]
[Round "1"]
[White "OneTrickPony_82"]
[Black "FGHSMN"]
[Result "0-1"]
[WhiteElo "2518"]
[BlackElo "2999"]
[TimeControl "180+1"]
[EndTime "8:06:44 PST"]
[Termination "FGHSMN won on time"]

1. d4 Nf6 2. c4 b6 3. Nc3 Bb7 4. f3 d5 5. cxd5 Nxd5 6. Nxd5 Qxd5 7. e4 Qd6 8. Be3 e6 9. Bb5+ Nd7 10. Qa4 a6 11.
Bd3 c5 12. Ne2 b5 13. Qa3 Qb6 14. dxc5 Bxc5 15. Bxc5 Nxc5 16. Bc2 Rd8 17. Rd1 O-O 18. b4 Rxd1+ 19. Kxd1 Na4 20. Bxa4 bxa4 21. Qc3 Rd8+ 22. Ke1 Bc6 23. Qc5 Qb7 24. Kf2 Bb5 25. Nd4 Rc8 26. Qd6 Qa7 27. Kg3 h5 28. Rd1 a3 29. Nxb5 axb5 30.
Qe5 h4+ 31. Kxh4 Qf2+ 32. Qg3 Qxa2 33. Rd7 Qb2 34. Qf4 Rf8 35. Ra7 a2 36. Qd6 a1=Q 0-1

[Event "Early-Titled-Tuesday-Blitz-January-23-2024"]
[Site "Chess.com"]
[Date "2024.01.23"]
[Round "1"]
[White "Seochesspie"]
[Black "soloderisas"]
[Result "1-0"]
[WhiteElo "2814"]
[BlackElo "2449"]
[TimeControl "180+1"]
[EndTime "8:06:44 PST"]
[Termination "Seochesspie won by resignation"]

1. e4 d6 2. d4 Nf6 3. Bd3 e5 4. Nf3 Nc6 5. c3 Be7 6. h3 O-O 7. O-O Re8 8. Re1 h6 9. Nbd2 Bf8 10. Nf1 d5 11. exd5 Qxd5 12. dxe5 Nxe5 13. Nxe5 Rxe5 14. Rxe5 Qxe5 15. Qf3 Bd6 16. Be3 Be6 17. Qxb7 Bd5 18. Qa6 Rb8 19. b3 Qxc3 20. Rc1 Qe5 21. Qa4 Rb4 22.
Qxa7 Rh4 23. Re1 Qh5 24. Qb8+ Bf8 25. Qxc7 Rxh3 26. gxh3 Qf3 27. Qh2 Bd6 28. Ng3 Nh5 29. Be2 Bxg3 30. Bxf3 Bxh2+ 31. Kxh2 Bxf3 32. a4 Bd5 33. b4 1-0

[Event "Early-Titled-Tuesday-Blitz-January-23-2024"]
[Site "Chess.com"]
[Date "2024.01.23"]
[Round "1"]
[White "Kostukov_Alex"]
[Black "AyMitecK"]
[Result "0-1"]
[WhiteElo "2292"]
[BlackElo "2626"]
[TimeControl "180+1"]
[EndTime "8:06:44 PST"]
[Termination "AyMitecK won by resignation"]

1. g3 Nf6 2. Bg2 d5 3. d3 Bf5 4.
Nc3 c6 5. e4 Bg6 6. e5 Nfd7 7.
f4 e6 8. Nf3 c5 9. O-O Nc6 10. Bd2 Be7 11. h3 Qb6 12. Kh2 h6 13.
b3 Bh7 14. Ne2 O-O-O 15. Be3 g5 16. fxg5 hxg5 17. Nxg5 Ndxe5 18. Nxf7 Nxf7 19. Rxf7 Bd6 20. Nf4 Bf5 21. Nxd5 Qa5 22. b4 cxb4 23. Nf4 Ne5 24. Rxf5 exf5 25. Bd2 Ng4+ 26. Kg1 Qb6+ 0-1

[Event "Early-Titled-Tuesday-Blitz-January-23-2024"]
[Site "Chess.com"]
[Date "2024.01.23"]
[Round "1"]
[White "MVM2008"]
[Black "bolwin"]
[Result "0-1"]
[WhiteElo "2582"]
[BlackElo "2251"]
[TimeControl "180+1"]
[EndTime "8:06:45 PST"]
[Termination "bolwin won on time"]

1. e4 Nf6 2. e5 Nd5 3. c4 Nb6 4. c5 Nd5 5. Nc3 e6 6. Nf3 d6 7. cxd6 cxd6 8. exd6 Bxd6 9. d4 Nc6 10. Bd3 h6 11. a3 O-O 12. Bb1 Nf6 13. h4 Re8 14. Ng5 e5 15. d5 Nd4 16. Nge4 Nxe4 17. Nxe4 Bf5 18. Qh5 Bg6 19. Qg4 h5 20. Qg3 Rc8 21. Bg5 Be7 22. Nc3 Bxg5 23. hxg5 Qb6 24. Qe3 Qxb2 25. Ne4 Rc1+ 0-1

[Event "Early-Titled-Tuesday-Blitz-January-23-2024"]
[Site "Chess.com"]
[Date "2024.01.23"]
[Round "1"]
[White "crazy_m_attack"]
[Black "baki83"]
[Result "0-1"]
[WhiteElo "2470"]
[BlackElo "2850"]
[TimeControl "180+1"]
[EndTime "8:06:47 PST"]
[Termination "baki83 won by resignation"]

1. e4 c5 2. Nf3 Nc6 3. d4 cxd4 4. Nxd4 Nf6 5. Nc3 d6 6. Bg5 e6 7. Qd2 a6 8. Be2 Bd7 9. O-O-O Be7 10. f3 b5 11. Be3 h5 12. a3 Qc7 13. Kb1 O-O 14.
Na2 Rfb8 15. Nxc6 Bxc6 16. Bf4 Rd8 17. Qc3 Qb7 18. Rd2 a5 19. Rhd1 d5 20. exd5 Nxd5 21. Qe5 Bf6 22. Qxh5 Nxf4 23. Rxd8+ Rxd8 24. Rxd8+ Bxd8 25. Qe5 Bc7 26. Qe4 Bxe4 0-1

[Event "Early-Titled-Tuesday-Blitz-January-23-2024"]
[Site "Chess.com"]
[Date "2024.01.23"]
[Round "1"]
[White "Nemegejas"]
[Black "Licancabur"]
[Result "1-0"]
[WhiteElo "2908"]
[BlackElo "2496"]
[TimeControl "180+1"]
[EndTime "8:06:48 PST"]
[Termination "Nemegejas won on time"]

1. Nf3 d5 2. g3 Nf6 3. Bg2 c5 4. O-O g6 5. d4 cxd4 6. Nxd4 Bg7 7. c4 dxc4 8. Qa4+ Nbd7 9. Rd1 O-O 10. Nc3 Nb6 11.
Qa3 Qc7 12. Bf4 e5 13. Ndb5 Qb8 14. Be3 Be6 15. Nd6 e4 16. Ncxe4 Nfd5 17. Bd4 Rd8 18.
Bxg7 Kxg7 19. Nb5 a6 20. Nd4 1-0

[Event "Early-Titled-Tuesday-Blitz-January-23-2024"]
[Site "Chess.com"]
[Date "2024.01.23"]
[Round "1"]
[White "Sibelephant"]
[Black "Statham_01"]
[Result "1-0"]
[WhiteElo "3076"]
[BlackElo "2529"]
[TimeControl "180+1"]
[EndTime "8:06:49 PST"]
[Termination "Sibelephant won by resignation"]

1. Nf3 e5 2. Nxe5 Nc6 3. Nf3 Nf6 4. d4 d5 5. Bg5 h6 6. Bxf6 Qxf6 7. e3 Bd6 8. Nbd2 Bf5 9. c3 a6 10. Qb3 O-O-O 11. Be2 g5 12. O-O-O Rhe8 13. Rhf1 Re6 14. Ne1 Qg6 15. g4 Be4 16. f3 Bb1 17. Nxb1 Rxe3 18.
Bd3 Bf4 19. Kc2 Qf6 20. Ng2 Re6 21.
Bf5 Kb8 22. Bxe6 fxe6 23. Nxf4 Qxf4 24. Nd2 Rd6 25. Kb1 Qe3 26. Qc2 Na5 27. Rfe1 Qf4 28. Re2 Rb6 29. Rde1 Qf7 30. Ka1 Ka7 31. Qd3 Qd7 32. b4 Nc6 33. Nb3 Nb8 34. Nc5 Qd8 35.
Nxe6 Qf6 36. Nxc7 Nc6 37. Nxd5 Qg6 38. Qxg6 1-0

[Event "Early-Titled-Tuesday-Blitz-January-23-2024"]
[Site "Chess.com"]
[Date "2024.01.23"]
[Round "1"]
[White "OparinGrigoriy"]
[Black "masnyszachistaaa"]
[Result "1-0"]
[WhiteElo "3031"]
[BlackElo "2526"]
[TimeControl "180+1"]
[EndTime "8:06:49 PST"]
[Termination "OparinGrigoriy won by resignation"]

1. Nf3 d5 2. e3 c6 3. c4 Nf6 4. b3 Bg4 5. Bb2 e6 6. h3 Bh5 7.
g4 Bg6 8. Ne5 Nbd7 9. Nxg6 hxg6 10. Bg2 Bd6 11. Qe2 a5 12. d3 a4 13. Nd2 Qe7 14. O-O O-O 15. g5 Ne8 16. h4 Nc7 17. Nf3 e5 18. cxd5 Nxd5 19. Rab1 axb3 20. axb3 Ra2 21.
Ra1 Rfa8 22. Rxa2 Rxa2 23. Ra1 Rxa1+ 24. Bxa1 Qd8 25. Qa2 Nb4 26. Qb1 Qa8 27. d4 exd4 28. Nxd4 Nc5 29. Bc3 Nd5 30. Bd2 Qa3 31. b4 Na4 32. b5 Nac3 33. Qf1 Qb2 34. Bxc3 Qxc3 35. bxc6 bxc6 36. Bxd5 cxd5 37. Qb5 Bc5 38. Ne2 Qe1+ 39. Kg2 Bf8 40. Nd4 Qd1 41. Nf3 Be7 42. Qe8+ Bf8 43. Ne5 f6 44. Qf7+ 1-0

[Event "Early-Titled-Tuesday-Blitz-January-23-2024"]
[Site "Chess.com"]
[Date "2024.01.23"]
[Round "1"]
[White "Sina_Movahed"]
[Black "vesalhamedinia"]
[Result "1-0"]
[WhiteElo "2975"]
[BlackElo "2514"]
[TimeControl "180+1"]
[EndTime "8:06:51 PST"]
[Termination "Sina_Movahed won by resignation"]

1. e4 c5 2. Nf3 Nc6 3. d4 cxd4 4. Nxd4 Nf6 5. Nc3 e5 6. Ndb5 d6 7. Nd5 Nxd5 8. exd5 Nb8 9. c4 a6 10.
Nc3 Be7 11. Bd3 O-O 12. O-O f5 13. f3 Nd7 14. Kh1 Nf6 15. Rb1 b6 16. b4 Qc7 17.
Be3 Bd7 18. Rc1 Rac8 19. a3 Qb7 20. Qb3 Kh8 21. a4 h6 22. Qb1 e4 23. fxe4 fxe4 24.
Nxe4 Nxe4 25. Bxe4 Bxa4 26. Bxh6 Bf6 27. Bf4 Qe7 28.
Rce1 Rxc4 29. Bf5 Qf7 30. Re3 Bh4 31. Bxd6 Rd8 32. Re4 Bc2 33. Rxc4 Bxb1 34. Rxh4+ Kg8 35.
Be6 Qxe6 36. dxe6 Rxd6 37. e7 1-0

[Event "Early-Titled-Tuesday-Blitz-January-23-2024"]
[Site "Chess.com"]
[Date "2024.01.23"]
[Round "1"]
[White "Goryachkina"]
[Black "ChessLebaneseSalah"]
[Result "1-0"]
[WhiteElo "2685"]
[BlackElo "2376"]
[TimeControl "180+1"]
[EndTime "8:06:51 PST"]
[Termination "Goryachkina won on time"]

1. e4 c5 2. Nf3 d6 3. d4 cxd4 4. Nxd4 Nf6 5. Nc3 Nc6 6. f3 e5 7. Nb3 Be6 8. Be3 d5 9. exd5 Nxd5 10. Nxd5 Qxd5 11. Qxd5 Bxd5 12. O-O-O O-O-O 13. Bb5 a6 14. Bd3 g6 15. Bb6 Re8 16. Kb1 Be6 17. Rhe1 Bg7 18.
Nc5 Bf8 19. Nxe6 Rxe6 20. Bc4 Re7 21. a3 f6 22. Bd5 Bg7 23. Rd3 f5 24. Bc5 Ree8 25.
Red1 Bf8 26. Bb6 Be7 27. Bf7 Ref8 28. Be6+ Kb8 29. Rd7 Rf6 30. Bb3 Kc8 31. Ba4 1-0

[Event "Early-Titled-Tuesday-Blitz-January-23-2024"]
[Site "Chess.com"]
[Date "2024.01.23"]
[Round "1"]
[White "maurovargas01"]
[Black "DefiantChair"]
[Result "0-1"]
[WhiteElo "1840"]
[BlackElo "2542"]
[TimeControl "180+1"]
[EndTime "8:06:52 PST"]
[Termination "DefiantChair won on time"]

1. e4 c5 2. Nc3 d6 3. f4 g6 4.
Nf3 Bg7 5. Bb5+ Bd7 6. Bxd7+ Qxd7 7. O-O Nc6 8. d3 e6 9. Ne2 Nge7 10. c3 O-O 11. Qe1 d5 12. e5 d4 13. c4 b5 14. b3 a5 15. Qh4 h6 16. g4 a4 17.
Bb2 Nb4 18. Rfd1 Nc2 19. Rab1 Ne3 20. Rdc1 axb3 21. axb3 Ra2 22. Nd2 bxc4 23. bxc4 Rb8 24. Ne4 Rbxb2 25. Rxb2 Rxb2 26. Nxc5 Qc6 27. Ne4 Rxe2 28.
Qxe7 Nxg4 29. Qd8+ Kh7 30. h3 Rxe4 31. dxe4 Qxe4 32. Rf1 Ne3 33. Rf2 Qb1+ 34. Kh2 Qe1 35. Qh4 Nd1 0-1

[Event "Early-Titled-Tuesday-Blitz-January-23-2024"]
[Site "Chess.com"]
[Date "2024.01.23"]
[Round "1"]
[White "Felix-Rose"]
[Black "RodokininEV"]
[Result "0-1"]
[WhiteElo "2300"]
[BlackElo "2628"]
[TimeControl "180+1"]
[EndTime "8:06:53 PST"]
[Termination "RodokininEV won by resignation"]

1. e4 c5 2. Nf3 d6 3. d4 cxd4 4. Nxd4 Nf6 5. Nc3 a6 6. Be3 e5 7.
Nb3 Be6 8. f3 Be7 9. Qd2 Nbd7 10. O-O-O h5 11. Kb1 Rc8 12. h3 h4 13. f4 exf4 14.
Bxf4 Ne5 15. Nd4 Qc7 16. Nxe6 fxe6 17. Bd3 b5 18. Ne2 Nh5 19. Bxe5 dxe5 20. Rhf1 Bf6 21.
a4 bxa4 22. Qb4 Qc6 23. Nc3 Kf7 24. Nxa4 Rb8 25. Qa5 Nf4 26. Nc5 Rhc8 27. Nxa6 Nxd3 28. Nxb8 Qxc2+ 0-1

[Event "Early-Titled-Tuesday-Blitz-January-23-2024"]
[Site "Chess.com"]
[Date "2024.01.23"]
[Round "1"]
[White "Chessdude1987"]
[Black "dennisodessa"]
[Result "0-1"]
[WhiteElo "2284"]
[BlackElo "2621"]
[TimeControl "180+1"]
[EndTime "8:06:54 PST"]
[Termination "dennisodessa won by resignation"]

1. e4 e6 2. d4 d5 3. exd5 exd5 4. Nf3 Bd6 5. Bd3 Ne7 6. c4 dxc4 7. Bxc4 O-O 8. O-O Nd7 9. Nc3 Nb6 10. Bb3 c6 11. Re1 Ned5 12. Ne5 f6 13. Nf3 Bg4 14. h3 Bh5 15. g4 Bf7 16. Bc2 Qd7 17. Nh4 Rfe8 18.
Be3 g6 19. Nxd5 Bxd5 20. b3 Bc7 21. Qd3 Bf7 22. Ng2 Nd5 23. Bd2 Qd6 24. f4 Nb4 25. Qc3 Nxc2 26. Qxc2 Qxd4+ 27. Be3 Qe4 28. Qf2 Bd5 29. Rad1 Rad8 30. Rd2 Ba5 31. Rxd5 Qxd5 32.
Re2 Bb6 33. Kh2 Bxe3 34. Nxe3 Qd3 35. g5 f5 36. Re1 Re4 37. h4 Rde8 38. Ng2 Rxe1 39.
Nxe1 Qe2 40. Kg2 Qxe1 0-1

[Event "Early-Titled-Tuesday-Blitz-January-23-2024"]
[Site "Chess.com"]
[Date "2024.01.23"]
[Round "1"]
[White "DDTerziev04"]
[Black "biostatistician"]
[Result "0-1"]
[WhiteElo "2187"]
[BlackElo "2581"]
[TimeControl "180+1"]
[EndTime "8:06:55 PST"]
[Termination "biostatistician won on time"]

1. e4 e5 2. Nf3 Nc6 3. Bc4 Bc5 4. O-O Nf6 5. d3 d6 6. h3 Na5 7.
Bb3 Nxb3 8. axb3 h6 9. Nbd2 O-O 10. Re1 a6 11. Nf1 Be6 12. N3h2 Qd7 13. Qf3 Nh7 14.
Ng3 f5 15. Qe2 Rf7 16. exf5 Bxf5 17. Be3 Bxe3 18. Qxe3 Raf8 19. Rf1 Ng5 20. Nxf5 Qxf5 21. Rae1 Qg6 22. Qg3 Qh5 23. Re3 Ne6 24. Rfe1 Nd4 25. Rc1 Ne2+ 26. Rxe2 Qxe2 27. Ng4 Kh8 28. Qh4 Qd2 29.
Rf1 Qg5 30. Qg3 h5 31. Nxe5 Qxe5 32. f4 Rxf4 33. Re1 Qf5 34. Re7 Qf6 35. Rxc7 h4 0-1

[Event "Early-Titled-Tuesday-Blitz-January-23-2024"]
[Site "Chess.com"]
[Date "2024.01.23"]
[Round "1"]
[White "knightinshiningarmour16"]
[Black "koncheto"]
[Result "1-0"]
[WhiteElo "2204"]
[BlackElo "2562"]
[TimeControl "180+1"]
[EndTime "8:06:55 PST"]
[Termination "knightinshiningarmour16 won by resignation"]

1. e4 c5 2. Nf3 d6 3. d4 cxd4 4. Nxd4 Nf6 5. f3 Nc6 6. Be3 g6 7. c4 Bg7 8. Nc3 O-O 9. Qd2 Nxd4 10. Bxd4 a5 11. Be2 a4 12. O-O Nd7 13. Bxg7 Kxg7 14.
Nd5 Nc5 15. Rab1 Be6 16. b4 axb3 17. axb3 Bxd5 18. cxd5 Qb6 19. Kh1 Nd7 20. b4 Rfc8 21. Rfc1 Ne5 22. h3 Qf2 23. Qe1 Qxe1+ 24. Rxe1 Ra2 25.
Ra1 Rb2 26. Rab1 Rcc2 27. Bf1 g5 28. b5 Nd7 29. Rxb2 Rxb2 30. Ra1 Kf6 31. Kh2 h5 32. Ra7 Nc5 33. Ra8 g4 34. hxg4 hxg4 35. Kg3 gxf3 36.
gxf3 Rb3 37. Kf4 Nd7 38. Ra7 Ne5 39. Be2 Rb2 40. Ke3 Rb3+ 41. Kf4 Ng6+ 42. Kg3 Rb2 43. Bf1 Rb1 44. Bd3 Ne5 45. Bxb1 1-0

[Event "Early-Titled-Tuesday-Blitz-January-23-2024"]
[Site "Chess.com"]
[Date "2024.01.23"]
[Round "1"]
[White "Druid24"]
[Black "spotbet"]
[Result "1-0"]
[WhiteElo "2699"]
[BlackElo "2390"]
[TimeControl "180+1"]
[EndTime "8:06:56 PST"]
[Termination "Druid24 won by resignation"]

1. e4 e6 2. d4 d5 3. Nc3 Bb4 4. e5 Ne7 5. Bd2 c5 6. a3 cxd4 7.
Nb5 Bc5 8. Bb4 Bxb4+ 9. axb4 O-O 10. Nf3 Nbc6 11. Qd2 Qb6 12. Nbxd4 Qxb4 13. c3 Qb6 14.
Bd3 Nxd4 15. cxd4 Bd7 16. Qg5 f6 17. exf6 Rxf6 18. O-O Bb5 19. Bxb5 Qxb5 20. Ne5 Nf5 21. Rfd1 a6 22. Rac1 Qa5 23. Rc5 Qa4 24. Qd2 Nd6 25.
f3 Nc4 26. Nxc4 dxc4 27. Qe2 b5 28. Re5 Re8 29. d5 Qa5 30. d6 Qb6+ 31. Kf1 Qd8 32. Rc5 e5 33. Rxe5 Ref8 34. d7 Kf7 35. Re1 Kg8 36. Rd1 Kf7 37. Qe4 Kg8 38. Re8 1-0

[Event "Early-Titled-Tuesday-Blitz-January-23-2024"]
[Site "Chess.com"]
[Date "2024.01.23"]
[Round "1"]
[White "NovozhilovSemen"]
[Black "Shivananda1964"]
[Result "1-0"]
[WhiteElo "2672"]
[BlackElo "2358"]
[TimeControl "180+1"]
[EndTime "8:06:56 PST"]
[Termination "NovozhilovSemen won on time"]

1. d4 Nf6 2. Nf3 b5 3. e3 a6 4. Bd3 Bb7 5. O-O e6 6. b3 c5 7. c4 b4 8. Bb2 d6 9. Nbd2 Nbd7 10. Qc2 g6 11. Ne4 Nxe4 12. Bxe4 Bxe4 13. Qxe4 Bg7 14. Qc6 Qb8 15. Rab1 Ra7 16. dxc5 Bxb2 17. Rxb2 dxc5 18. Rd1 Qc7 19. Qxc7 Rxc7 20. Rbd2 Ke7 21. Ng5 Nb8 22.
f4 h6 23. Nf3 f6 24. g4 Rd7 25.
Rxd7+ Nxd7 26. h4 Rd8 27. Kf2 a5 28. g5 hxg5 29. hxg5 fxg5 30. Nxg5 Nf8 31. Rxd8 Kxd8 32. e4 Ke7 33. e5 Nd7 34. Kg3 Nb8 35. Ne4 Nd7 36.
Kg4 Kf7 37. Nd6+ Ke7 38. Nb7 a4 39. bxa4 Nb6 40. a5 Nxc4 41. a6 Nb6 42. Nxc5 Kf7 43. Kg5 Kg7 44. Nxe6+ 1-0